 Dungeon Crawl Stone Soup version 0.31-a0-1612-g4aaf141004 (webtiles) character file.

Game seed: 2306001747686515409

91 Dirtsage the Changeling (level 4, -2/29 HPs)
             Began as an Octopode Shapeshifter on Jan 9, 2024.
             Slain by a cerulean imp
             ... wielding a +2 spear
             ... summoned by Natasha
              (3 damage)
             ... on level 2 of the Dungeon.
             The game lasted 00:01:21 (1011 turns).

Dirtsage the Changeling (Octopode Shapeshifter)     Turns: 1011, Time: 00:01:22

Health: -2/29      AC:  1    Str: 13    XL:     4   Next: 57%
Magic:  4/4        EV: 13    Int: 12    God:
Gold:   77         SH:  0    Dex: 13    Spells: 3/3 levels left

rFire   . .          .
                       - Unarmed
rCold   . . .        (no shield)
rNeg    + . .        (helmet currently unavailable)
rPois   .            (no amulet)
rElec   .            N - ring of positive energy
rCorr   .            (no ring)
SInv    .            (no ring)
Will    .....        (no ring)
Stlth   ++           (no ring)
HPRegen 0.24/turn    (no ring)
MPRegen 0.09/turn    (no ring)
                     (no ring)

%: no passive effects
@: beast-form
A: beast (slay +2), almost no armour, amphibious, 8 rings, camouflage 1,
gelatinous body 1, (nimble swimmer 1), tentacles
a: Begin Untransformation


You were on level 2 of the Dungeon.
You were a hulking beast.
You visited 1 branch of the dungeon, and saw 2 of its levels.

You collected 77 gold pieces.

Inventory:

Jewellery
 N - a ring of positive energy (left tentacle)
Talismans
 b - a beast talisman
 c - a flux talisman
Scrolls
 e - a scroll of immolation {unknown}
 f - a scroll of identify {unknown}
 g - a scroll of enchant weapon {unknown}
Potions
 a - a potion of lignification
 d - a potion of curing {unknown}


   Skills:
 + Level 2.0 Fighting
 + Level 2.6 Dodging
 + Level 3.5 Unarmed Combat
 * Level 3.8 Shapeshifting


You had 3 spell levels left.
You didn't know any spells.
Your spell library contained the following spells:

 Spells                   Type           Power      Damage    Failure   Level
 Freeze                   Ice            0%         1d3       32%         1
 Shock                    Conj/Air       0%         1d3       32%         1
 Frozen Ramparts          Ice            0%         1d1       69%         3
 Hailstorm                Conj/Ice       0%         3d5       69%         3
 Swiftness                Air            0%         N/A       69%         3
 Airstrike                Air            0%         2d(0-16)  97%         4
 Summon Forest            Summ/Tloc      0%         N/A       100%        5
 Eringya's Noxious Bog    Alch           0%         4d6       100%        6
 Summon Hydra             Summ           0%         N/A       100%        7


Dungeon Overview and Level Annotations

Branches:
Dungeon (2/15)

Altars:

Annotations:
D:2 Natasha


Innate Abilities, Weirdness & Mutations

You are a hulking beast.
Your limbs bulge with bestial killing power. (Slay +2)
You cannot wear most types of armour.
You are amphibious.
You can wear up to eight rings at the same time.
Your skin changes colour to match your surroundings (Stealth+).
Your rubbery body absorbs attacks. (AC +1, EV +1)
((You are camouflaged when in or above water. (Stealth+)))
You have tentacles for arms and can constrict up to eight enemies at once.


Message History

Terence is severely wounded.
You constrict Terence, but do no damage.
You tentacle-slap Terence but do no damage.
You squeeze Terence.
You kill Terence!
Your Fighting skill increases to level 2!
You closely miss the goblin. Your grab misses the goblin.
The goblin hits you with a +0 club.
* * * LOW HITPOINT WARNING * * *
You take 3 damage, and have 6/29 hp.
You barely miss the goblin. You grab the goblin. You constrict the goblin.
The goblin closely misses you.
You bludgeon the goblin!
You kill the goblin!
The bat hits you.
* * * LOW HITPOINT WARNING * * *
An endoplasm comes into view.
You closely miss the bat.
The endoplasm quivers.
Your grab misses the bat. The bat completely misses you.
The bat barely misses you.
Natasha mumbles some strange words.
You tentacle-slap the bat.
You kill the bat!
The bat hits you.
* * * LOW HITPOINT WARNING * * *
Natasha mumbles some strange words.
You take 1 damage, and have 5/29 hp.
You tentacle-slap the bat.
You kill the bat!
The frilled lizard misses you.
You closely miss the frilled lizard. You grab the frilled lizard.
You constrict the frilled lizard, but do no damage.
The frilled lizard completely misses you.
You tentacle-slap the frilled lizard.
You kill the frilled lizard!
You barely miss Natasha. Your grab misses Natasha. Natasha claws you.
* * * LOW HITPOINT WARNING * * *
The cerulean imp hits you from afar with a +2 spear.
You die...

#..........
#######........##
###..)##..........#
.##...##.........!# .
......##..[.......###.$#
###...##..............#
#...##....†.....#####
#...###.........#
#.............h†#
#.....#########h#
#.....# 5# .....#.## J5
>....... ... ......##.
.... #...#. # .....
..##.. ####..


You could see Natasha, 2 cerulean imps and an endoplasm.

Vanquished Creatures
  Jessica (D:2)
  Terence (D:2)
  3 endoplasms (D:1)
  3 giant cockroaches (D:1)
  2 goblins
  A hobgoblin (D:1)
  4 jackals (D:1)
  6 kobolds
  2 quokkas (D:1)
  5 ball pythons (D:1)
  4 bats
  3 frilled lizards (D:2)
  3 rats (D:1)
38 creatures vanquished.

Notes
Turn   | Place    | Note
-------+----------+-------------------------------------------
     0 | D:1      | Dirtsage the Octopode Shapeshifter began the quest for the
                  | Orb.
     0 | D:1      | Reached XP level 1. HP: 13/13 MP: 1/1
    61 | D:1      | Found a faded altar of an unknown god.
    85 | D:1      | Reached XP level 2. HP: 13/18 MP: 2/2
   330 | D:1      | Reached XP level 3. HP: 11/23 MP: 3/3
   335 | D:1      | HP: 1/23 [jackal (3)]
   957 | D:2      | Noticed Jessica
   965 | D:2      | Killed Jessica
   966 | D:2      | Reached XP level 4. HP: 29/29 MP: 4/4
   988 | D:2      | Noticed Terence
   991 | D:2      | Noticed Natasha
  1002 | D:2      | Killed Terence
  1011 | D:2      | HP: 1/29 [Natasha (5)]
  1011 | D:2      | Slain by a cerulean imp

Illustrated notes

Levels and vault maps discovered:
D:1:      lemuel_arrival_behind_the_door_large, layout_basic,
          nicolae_ecumenical_snake_handling, minmay_tromino_v4_a
D:2:      layout_rooms, uniq_terence, uniq_jessica, uniq_natasha

Skill      XL: |  1  2  3  4 |
---------------+-------------+-----
Fighting       | 2 |  2.0
Dodging        | |  2.6
Unarmed Combat | |  3.5
Shapeshifting  | |  3.8

Action                     |  1- 3 |  4- 6 || total
---------------------------+-------+-------++-------
  Melee: Unarmed           |    59 |    22 ||    81
         Tentacles         |     9 |     5 ||    14
         Punch             |     1 |       ||     1
         Constrict         |    15 |     4 ||    19
   Stab: Sleeping          |     7 |       ||     7
 Armour: Skin              |    24 |    10 ||    34
  Dodge: Dodged            |    44 |    11 ||    55

Table legend: (Time is in decaauts)
 A = Elapsed time spent in this place.
 B = Non-inter-level travel time spent in this place.
 C = Inter-level travel time spent in this place.
 D = Time resting spent in this place.
 E = Time spent auto-exploring this place.
 F = Levels seen in this place.
 G = Mean time per level.
                   A        B        C        D        E       F      G
               +--------+--------+--------+--------+--------+-----+--------+
         Total |   1005 |    990 |     15 |      0 |    814 |   2 |  502.5 |
       Dungeon |   1005 |    990 |     15 |      0 |    814 |   2 |  502.5 |
               +--------+--------+--------+--------+--------+-----+--------+

Top non-repeatable levels by time:
     D:1: 939 daAuts
     D:2: 66 daAuts
